 Dungeon Crawl Stone Soup version 0.30.1-11-g7821555f0a (webtiles) character file.

Game seed: 7457652983884278664

35 Arctor the Trooper (level 3, -15/29 HPs)
             Began as a Human Fighter on Jan 13, 2024.
             Demolished by a gnoll
             ... wielding a +0 heavy flail
              (19 damage)
             ... on level 1 of the Dungeon.
             The game lasted 00:01:08 (665 turns).

Arctor the Trooper (Human Fighter)                   Turns: 665, Time: 00:01:08

Health: -15/29     AC:  6    Str: 18    XL:     3   Next: 52%
Magic:  3/3        EV:  9    Int:  8    God:
Gold:   63         SH:  4    Dex: 12    Spells: 2/2 levels left

rFire   + . .        a - +0 war axe
rCold   + . .        c - +0 buckler
rNeg    . . .        b - +0 scale mail
rPois   +            (no helmet)
rElec   +            (no cloak)
rCorr   +            (no gloves)
SInv    .            (no boots)
Will    .....        (no amulet) Stlth
                     (no ring)
HPRegen 0.24/turn    (no ring)
MPRegen 0.08/turn

%: no passive effects
@: resistant
A: mutation resistance 1
a: no special abilities


You were on level 1 of the Dungeon.
You visited 1 branch of the dungeon, and saw 2 of its levels.

You collected 63 gold pieces.

Inventory:

Hand Weapons
 a - a +0 war axe (weapon)
Missiles
 e - 5 boomerangs (quivered)
Armour
 b - a +0 scale mail (worn)
 c - a +0 buckler (worn)
Potions
 d - a potion of might
 h - a potion of flight {unknown}
 i - a potion of berserk rage {unknown}
 j - 3 potions of heal wounds {unknown}


   Skills:
 + Level 3.3 Fighting
 + Level 2.4 Axes
 + Level 3.3 Armour
 + Level 3.3 Shields


You had 2 spell levels left.
You didn't know any spells.
Your spell library contained the following spells:

 Spells                   Type           Power      Damage    Failure   Level
 Apportation              Tloc           0%         N/A       86%         1
 Hailstorm                Conj/Ice       0%         3d3       99%         3
 Ice Form                 Ice/Tmut       0%         N/A       100%        4
 Alistair's Intoxication  Tmut/Pois      0%         N/A       100%        5
 Simulacrum               Ice/Necr       0%         N/A       100%        6


Dungeon Overview and Level Annotations

Branches:
Dungeon (2/15)

Altars:


Innate Abilities, Weirdness & Mutations

You are somewhat resistant to further mutation.


Message History

There are monsters nearby!
You barely miss the gnoll.
The gnoll shouts!
The gnoll barely misses you.
There are monsters nearby!
You barely miss the gnoll. The gnoll hits you with a +0 spear.
The gnoll hits you from afar with a +0 spear.
The gnoll barely misses you.
There are monsters nearby!
You slash the gnoll!
The gnoll is heavily wounded.
The gnoll hits you from afar with a +0 spear.
The gnoll hits you but does no damage. x2
There are monsters nearby!
You barely miss the gnoll.
The gnoll is heavily wounded.
The gnoll hits you from afar with a +0 spear.
The gnoll hits you but does no damage.
The gnoll hits you with a +0 heavy flail!
* * * LOW HITPOINT WARNING * * *
There are monsters nearby!
You are too injured to fight recklessly!
You are too injured to fight recklessly!
Unknown command.
You block the gnoll's attack. The gnoll attacks as you move away!
The gnoll hits you with a +0 heavy flail.
* * * LOW HITPOINT WARNING * * *
You see here a bat corpse.
There is a stone staircase leading up here.
The gnoll hits you but does no damage. The gnoll barely misses you.
You climb upwards.
There is a stone staircase leading down here.
It was a potion of mutation.
You feel extremely strange.
You feel genetically stable.
It was a potion of resistance.
You feel protected.
The gnoll hits you with a +0 heavy flail!!
Ouch! That really hurt!
You die...

###...#.# ###
###...# ###..
#######...## #...#
#.......#.# #.###
#.......#.# ##.#
#.......#.####..###
#.[........÷.......
#g......^......####
#.@.....###...## #
#.......# ###.# #
#....†.## #.# #
###...## #.## #
#...# #..####
###..## ##....#
##...## ####.#
##....# #.# #..####
#.#


You could see a gnoll.

Vanquished Creatures
  5 ball pythons (D:1)
  6 bats
  3 endoplasms
  3 giant cockroaches
  2 hobgoblins
  4 quokkas
  A frilled lizard (D:1)
  2 goblins (D:1)
  4 rats
30 creatures vanquished.

Notes
Turn   | Place    | Note
-------+----------+-------------------------------------------
     0 | D:1      | Arctor the Human Fighter began the quest for the Orb.
     0 | D:1      | Reached XP level 1. HP: 18/18 MP: 1/1
   184 | D:1      | Reached XP level 2. HP: 24/24 MP: 2/2
   407 | D:1      | Reached XP level 3. HP: 29/29 MP: 3/3
   664 | D:1      | Gained mutation: You are somewhat resistant to further
                  | mutation. [potion of mutation]
   665 | D:1      | Demolished by a gnoll

Illustrated notes

Levels and vault maps discovered:
D:1:      dpeg_arrival_castle, layout_rooms, minivault_19
D:2:      layout_basic, serial_shops, shop

Action                     || total
---------------------------++-------
  Melee: War axe           ||    83
    Use: Potion            ||     2
         Scroll            ||     1
 Armour: Scale mail        ||    63
  Dodge: Dodged            ||    33
  Block: Buckler           ||    20
